 Dungeon Crawl Stone Soup version 0.31.0-32-g396128a36d (webtiles) character file.

Game seed: 13023625188205786702

724 PaiMei the Grave Robber (level 7, -14/52 HPs)
             Began as a Demonspawn Necromancer on Apr 18, 2024.
             Killed from afar by Maggie (28 damage)
             ... with a bolt of fire
             ... on level 5 of the Dungeon.
             The game lasted 00:09:11 (5053 turns).

PaiMei the Grave Robber (Demonspawn Necromancer)    Turns: 5053, Time: 00:09:11

Health: -14/52     AC:  8    Str:  8    XL:     7   Next: 43%
Magic:  2/13       EV: 13    Int: 17    God:
Gold:   250        SH:  0    Dex: 14    Spells: 6/14 levels left

rFire   . . .        n - +0 war axe
rCold   . . .        (no shield)
rNeg    . . .        a - +0 robe
rPois   .            (no helmet)
rElec   .            (no cloak)
rCorr   .            (no gloves)
SInv    .            (no boots)
Will    .....        m - amulet of magic regeneration
Stlth   ++           (no ring)
HPRegen 0.28/turn    (no ring)
MPRegen 0.53/turn

%: no passive effects
@: sanguine armoured
A: demonic guardian 1, sanguine armour 1
a: no special abilities


You were on level 5 of the Dungeon.
You visited 1 branch of the dungeon, and saw 6 of its levels.

You collected 250 gold pieces.

Inventory:

Hand Weapons
 n - a +0 war axe (weapon)
Missiles
 c - 9 silver javelins
 d - 2 throwing nets
 s - 3 poisoned darts (quivered)
Armour
 a - a +0 robe (worn)
Jewellery
 m - an amulet of magic regeneration (around neck)
Scrolls
 e - 2 scrolls of torment {unknown}
 g - 4 scrolls of revelation {unknown}
 h - 2 scrolls of teleportation {unknown}
 j - a scroll of noise {unknown}
 k - 2 scrolls of blinking {unknown}
 l - a scroll of poison {unknown}
 q - 2 scrolls of identify {unknown}
 r - a scroll of enchant weapon {unknown}
 t - a scroll of amnesia {unknown}
 u - a scroll of enchant armour {unknown}
 w - a scroll of brand weapon {unknown}
 x - a scroll of silence {unknown}
Potions
 b - a potion of magic
 f - 2 potions of haste {unknown}
 i - 2 potions of mutation {unknown}
 o - a potion of berserk rage {unknown}
 p - a potion of heal wounds {unknown}
 v - a potion of attraction {unknown}


   Skills:
 + Level 3.5 Fighting
 + Level 4.1 Dodging
 - Level 2.2 Stealth
 + Level 4.1 Spellcasting
 + Level 6.3 Necromancy


You had 6 spell levels left.
You knew the following spells:

 Your Spells              Type           Power      Damage    Failure   Level
a - Necrotise             Necr           96%        1d8       1%          1
b - Vampiric Draining     Necr           24%        2d7       3%          3
c - Animate Dead          Necr           24%        N/A       12%         4

Your spell library contained the following spells:

 Spells                   Type           Power      Damage    Failure   Level
 Kiss of Death            Conj/Necr      56%        2d9       4%          1
 Dispel Undead            Necr           24%        3d12      12%         4
 Curse of Agony           Necr           24%        N/A       32%         5
 Confusing Touch          Hex            3%         N/A       43%         3
 Volatile Blastmotes      Fire/Tloc      6%         2d10      43%         3
 Fulminant Prism          Conj/Alch      1%         3d5       83%         4
 Iskenderun's Mystic Bla  Conj/Tloc      3%         2d3       83%         4
 Conjure Ball Lightning   Conj/Air       1%         3x3d6     100%        6
 Discord                  Hex            1%         N/A       100%        8
 Disjunction              Tloc           1%         N/A       100%        8


Dungeon Overview and Level Annotations

Branches:
Dungeon (6/15)
 Temple: D:4-7

Altars:

Shops:
D:1 !

Annotations:
D:5 Maggie


Innate Abilities, Weirdness & Mutations

A weak demonic guardian rushes to your aid.
When seriously injured, your blood forms armour. (AC +6)


Message History

Maggie burns you.
Casting: Vampiric Draining (dangerous; 3% risk of failure)
Confirm with . or Enter, or press ? or * to list all spells.
Aiming: Vampiric Draining (dangerous; 3% risk of failure)
Press: ? - help, Shift-Dir - straight line, f/p - Maggie
Aim: Maggie, wielding a +0 war axe of flaming and wearing +0 acid dragon scales (lightly wounded)
You draw life force from Maggie!
You feel life coursing into your body. Maggie closely misses you.
Casting: Vampiric Draining (dangerous; 3% risk of failure)
Confirm with . or Enter, or press ? or * to list all spells.
Aiming: Vampiric Draining (dangerous; 3% risk of failure)
Press: ? - help, Shift-Dir - straight line, f/p - Maggie
Aim: Maggie, wielding a +0 war axe of flaming and wearing +0 acid dragon scales (moderately wounded)
You draw life force from Maggie!
You feel life coursing into your body! Maggie casts a spell at you.
The bolt of fire hits you!!
Casting: Vampiric Draining (dangerous; 3% risk of failure)
Confirm with . or Enter, or press ? or * to list all spells.
Aiming: Vampiric Draining (dangerous; 3% risk of failure)
Press: ? - help, Shift-Dir - straight line, f/p - Maggie
Aim: Maggie, wielding a +0 war axe of flaming and wearing +0 acid dragon scales (heavily wounded)
You draw life force from Maggie.
You feel life coursing into your body.
Maggie mumbles the words to a spell, but in the wrong order.
Maggie closely misses you.
Casting: Vampiric Draining (dangerous; 3% risk of failure)
Confirm with . or Enter, or press ? or * to list all spells.
You don't have enough magic to cast this spell.
Casting: Vampiric Draining (dangerous; 3% risk of failure)
Confirm with . or Enter, or press ? or * to list all spells.
You don't have enough magic to cast this spell.
You closely miss Maggie.
Maggie is heavily wounded.
Maggie hits you with a +0 war axe of flaming.
* * * LOW HITPOINT WARNING * * *
A demonic guardian appears!
Maggie burns you.
* * * LOW HITPOINT WARNING * * *
Maggie gestures at you while chanting. The bolt of fire hits you!!
Ouch! That really hurt!
You die...

#.########.#..................#..
#....................###.#.......
#####....#.##........##.....#.##.
.........#..#........##...#......
.....>...#..#..#'#'#......#.#.###
.........#..#..#.#.####..........
...)........#..#.#.#..#...##..###
............#..#@#.#..#..........
.....####...#..#@#.#......#.#....
.....# #...#.##.#....#......####
.....# #.....#5.................
.....# #.....#..######..###.####
###### #.....#.......#.........#
# #.....#....####......#.##
####### #.....#................##
......# #.##..#....##############
#####.# #.##..#..................


You could see Maggie (ally target) and a friendly shadow imp (summoned).

Vanquished Creatures
  A black bear (D:5)
  A phantom (D:5)
  2 bombardier beetles
  An orc priest (D:5)
  3 hounds
  An iguana (D:5)
  2 orc wizards
  2 gnolls (D:6)
  5 adders
  3 dart slugs
  2 ribbon worms
  10 orcs
  5 ball pythons
  11 endoplasms
  5 giant cockroaches
  11 hobgoblins
  2 quokkas
  3 bats
  2 frilled lizards
  5 goblins
  7 kobolds
  2 rats
86 creatures vanquished.

Vanquished Creatures (collateral kills)
  An orc warrior (D:5)
  An orc priest (D:5)
  A white imp (D:5)
  An orc (D:5)
  An endoplasm (D:1)
  A giant cockroach (D:1)
  3 goblins
  A rat (D:1)
10 creatures vanquished.

Grand Total: 96 creatures vanquished

Notes
Turn   | Place    | Note
-------+----------+-------------------------------------------
     0 | D:1      | PaiMei the Demonspawn Necromancer began the quest for the
                  | Orb.
     0 | D:1      | Reached XP level 1. HP: 13/13 MP: 3/3
   141 | D:1      | Gained mutation: When seriously injured, your blood forms
                  | armour. (AC +6) [demonic ancestry]
   141 | D:1      | Reached XP level 2. HP: 19/19 MP: 0/5
   257 | D:1      | Found a faded altar of an unknown god.
   683 | D:1      | Reached XP level 3. HP: 23/24 MP: 3/6
   687 | D:1      | Learned a level 3 spell: Vampiric Draining
   735 | D:1      | Found Balat's Distillery.
  1412 | D:2      | Reached XP level 4. HP: 31/31 MP: 4/7
  1480 | D:2      | Reached skill level 1 in Fighting
  2087 | D:3      | Reached skill level 5 in Necromancy
  2677 | D:3      | Gained mutation: A weak demonic guardian rushes to your
                  | aid. [demonic ancestry]
  2677 | D:3      | Reached XP level 5. HP: 37/37 MP: 6/9
  2978 | D:3      | Learned a level 4 spell: Animate Dead
  3379 | D:4      | Reached XP level 6. HP: 37/45 MP: 3/11
  3621 | D:5      | Entered Level 5 of the Dungeon
  3987 | D:5      | Reached XP level 7. HP: 52/52 MP: 7/12
  4374 | D:5      | Reached skill level 6 in Necromancy
  4983 | D:6      | Noticed Maggie
  5053 | D:5      | Killed from afar by Maggie

Illustrated notes

Levels and vault maps discovered:
D:1:      dpeg_arrival_short_road, layout_rooms, serial_shops,
          nicolae_shop_back_alley_shop, shapermc_ecumenical_altar_starsandcircs
D:2:      layout_basic, minmay_circle_x
D:3:      layout_basic
D:4:      layout_gridville, st_stairs_13
D:5:      layout_basic
D:6:      minmay_chambers_of_threes, layout_loops_ring,
          minmay_temple_entry_sparse_star, kennysheep_generic_room_4,
          uniq_maggie

Skill      XL: |  1  2  3  4  5  6  7 |
---------------+----------------------+-----
Stealth        | 2 |  2.2
Dodging        | 2 3 4 |  4.1
Fighting       | 1 2 3 |  3.5
Necromancy     | 5 6 |  6.3
Spellcasting   | 3 4 |  4.1

Action                     |  1- 3 |  4- 6 |  7- 9 || total
---------------------------+-------+-------+-------++-------
  Melee: Unarmed           |    12 |       |       ||    12
         Punch             |     2 |     4 |       ||     6
         Dagger            |    24 |    28 |       ||    52
         War axe           |       |    19 |     3 ||    22
   Cast: Necrotise         |    68 |    92 |    16 ||   176
         Vampiric Draining |       |     9 |    11 ||    20
 Armour: Robe              |    52 |    45 |    20 ||   117
  Dodge: Dodged            |    54 |    45 |    10 ||   109
